Map: Submarine LE

Players

meeK - Winner!

  • Race: Protoss Protoss
  • League: Diamond
  • Spawn Location: 11:00

CowboyDan

  • Race: Terran Terran
  • League: Diamond
  • Spawn Location: 5:00

VOD

Have the link to the VOD?

Description

Time

  • Played on: July 11, 2020, 6:48 p.m.
  • Length: 16:17
Show
View Real Time Build Order
Export as new Build Order

meeK Protoss - Winner!

Build Orders: Oracle Opening 

Get SALT Encoding   

  12  0:00  Probe  
  13  0:13  Probe  
  14  0:20  Pylon  
  14  0:25  Probe  
  15  0:38  Probe  
  16  0:43  Gateway  
  16  0:48  Pylon  
  16  0:51  Probe  
  17  1:02  Assimilator  
  17  1:11  Gateway  
  17  1:17  Pylon  
  17  1:19  Probe  
  18  1:35  Cybernetics Core  
  18  1:38  Probe  
  18  1:39  Assimilator  
  19  1:48  Pylon  
  19  1:52  Probe  
  20  2:13  Adept  
  20  2:15  Nexus  
  20  2:23  Warp Gate  
  22  2:35  Stargate  
  22  2:40  Probe  
  23  2:50  Adept  
  25  2:55  Probe  
  26  3:03  Pylon  
  26  3:13  Oracle  
  26  3:16  Gateway  
  29  3:29  Probe  
  29  3:30  Sentry  
  30  3:41  Shield Battery  
  31  3:48  Pylon  
  31  3:56  Oracle  
  31  4:00  Probe  
  35  4:19  Sentry  
  35  4:21  Adept  
  39  4:25  Gateway  
  39  4:27  Shield Battery  
  37  4:40  Shield Battery  
  37  4:41  Adept  
  38  4:47  Probe  
  38  4:48  Adept  
  37  4:59  Probe  
  38  5:01  Sentry  
  37  5:13  Adept  
  39  5:20  Adept  
  41  5:27  Adept  
  43  5:40  Adept  
  43  5:42  Adept  
  47  6:02  Pylon  
  47  6:08  Pylon  
  47  6:25  Adept x3  
  50  6:36  Robotics Facility  
  50  6:40  Gateway  
  50  6:46  Sentry  
  52  6:50  Adept, Pylon  
  54  7:11  Adept x2  
  54  7:12  Adept  
  54  7:29  Immortal  
  44  7:35  Adept x3  
  44  7:54  Adept  
  44  8:01  Adept x3  
  33  8:36  Nexus  
  31  8:49  Adept x2  
  31  8:50  Adept  
  31  8:52  Probe  
  33  9:12  Adept x2  
  33  9:13  Sentry  
  39  9:21  Probe  
  40  9:32  Observer  
  40  9:33  Probe  
  41  9:42  Sentry  
  41  9:45  Probe  
  45  9:57  Probe  
  46  10:05  Adept x2  
  46  10:06  Adept  
  40  10:29  Adept x3  
  40  10:30  Adept  
  42  10:38  Probe  
  42  10:41  Probe  
  40  10:49  Adept x2  
  42  10:51  Sentry  
  36  11:07  Adept x2  
  36  11:08  Adept  
  42  11:14  Pylon  
  42  11:15  Probe  
  43  11:25  Robotics Bay  
  43  11:26  Observer  
  43  11:31  Adept  
  46  11:33  Adept  
  48  11:42  Assimilator  
  48  11:51  Adept  
  48  11:52  Adept x2  
  52  12:01  Colossus  
  42  12:14  Probe  
  49  12:16  Probe  
  49  12:18  Adept x2  
  54  12:25  Shield Battery  
  54  12:27  Extended Thermal Lance  
  54  12:37  Adept x2  
  57  12:53  Pylon  
  54  13:16  Nexus  
  54  13:21  Stalker  
  54  13:25  Colossus  
  56  13:38  Probe  
  56  13:40  Probe  
  64  13:52  Stalker  
  64  13:53  Stalker  
  68  13:58  Stalker  
  70  14:05  Stalker  
  70  14:09  Warp Prism  
  72  14:14  Probe  
  72  14:15  Probe  
  76  14:32  Pylon  
  76  14:33  Adept x2  
  80  14:45  Adept x2  
  72  15:07  Stalker x4  
  72  15:14  Colossus  
  82  15:34  Stalker x3  
  88  15:35  Stalker  
  88  15:39  Probe  
  87  16:02  Adept x2  
  87  16:03  Adept x2  
Show
View Real Time Build Order
Export as new Build Order

CowboyDan Terran 

Build Orders:  

Get SALT Encoding   

  12  0:01  SCV  
  13  0:13  SCV  
  14  0:17  Supply Depot  
  14  0:26  SCV  
  15  0:41  Barracks  
  15  0:54  SCV  
  15  0:55  Refinery  
  16  1:06  Barracks  
  16  1:08  SCV  
  17  1:25  Supply Depot  
  17  1:29  Marine  
  18  1:46  SCV  
  19  1:54  Barracks Tech Lab  
  19  1:57  Barracks Tech Lab  
  19  2:05  Orbital Command  
  19  2:14  Marauder  
  21  2:16  Concussive Shells  
  21  2:22  Refinery  
  21  2:30  Marauder  
  23  2:38  Bunker  
  23  2:44  SCV  
  23  2:49  Marauder  
  26  2:55  Marauder  
  28  3:03  SCV  
  29  3:11  Marauder  
  31  3:22  Bunker  
  31  3:28  Supply Depot  
  31  3:44  Stimpack  
  31  3:49  Combat Shield, Marine  
  31  3:50  Marauder  
  34  4:02  SCV  
  35  4:07  Marine  
  34  4:11  Marine  
  34  4:14  SCV  
  34  4:18  Engineering Bay  
  33  4:40  Marine x2  
  34  4:58  Marine  
  33  5:04  Marine  
  33  5:06  SCV  
  35  5:11  Command Center  
  26  5:16  Marine  
  26  5:18  SCV  
  24  5:22  Marine  
  22  5:59  Marine  
  22  6:00  Marine  
  22  6:03  Missile Turret  
  24  6:14  SCV  
  22  6:26  SCV  
  23  6:35  Marine x2  
  23  6:38  SCV  
  26  6:43  Orbital Command  
  26  6:51  SCV  
  26  6:53  Marine  
  28  6:55  Marine  
  28  7:03  SCV  
  29  7:09  SCV  
  29  7:11  Marine  
  29  7:13  Marine  
  32  7:29  Marine  
  25  7:31  Marine  
  25  7:36  SCV  
  26  7:39  SCV  
  27  7:46  Marine  
  27  7:48  SCV  
  27  7:49  Marine  
  27  7:51  SCV  
  29  8:04  Marine  
  30  8:07  Marine  
  27  8:24  Marine x2  
  27  8:28  SCV x2  
  27  8:40  SCV  
  27  8:41  Orbital Command  
  24  8:42  Marine x2  
  26  8:52  SCV  
  24  9:12  Marine  
  24  9:13  Marine  
  18  9:24  Barracks x2  
  18  9:25  Barracks  
  18  9:30  Marine x2  
  20  9:34  SCV  
  21  9:45  Bunker  
  21  9:48  Marine x2  
  21  10:06  Marine x2  
  13  10:22  Marine x3  
  13  10:24  Marine  
  17  10:31  Orbital Command  
  12  10:59  Marine x2  
  14  11:06  Marine  
  15  11:12  Marine  
  16  11:21  Marine x3  
  16  11:24  Marine  
  20  11:30  Marine  
  21  11:39  Marine  
  24  11:42  Marine  
  24  11:43  Barracks Reactor  
  24  11:44  Barracks Reactor  
  18  12:03  Marine  
  18  12:05  Barracks Tech Lab  
  19  12:11  SCV x2  
  19  12:13  Supply Depot  
  21  12:16  Marauder  
  21  12:21  Marine x2  
  21  12:22  Marine x2  
  27  12:23  SCV x2  
  27  12:27  Marine  
  30  12:35  SCV x2  
  31  12:47  SCV x2  
  33  12:59  SCV x2  
  33  13:04  Marine  
  33  13:05  Marauder x2, Marine x4  
  33  13:11  SCV  
  33  13:12  SCV  
  35  13:22  Marine x2  
  35  13:23  SCV  
  35  13:24  SCV  
  39  13:35  SCV  
  39  13:36  Marauder x2, Marine, SCV  
  39  13:39  Marine  
  47  13:48  SCV  
  48  13:51  Factory  
  48  13:55  Marine x2  
  50  14:11  SCV x2  
  50  14:12  Marine  
  50  14:16  Marine  
  54  14:20  Supply Depot x2  
  54  14:41  Marauder x2, Marine x4, SCV x2  
  54  14:43  Factory Tech Lab  
  49  14:59  Marine x2  
  43  15:03  Marauder x2  
  43  15:07  Siege Tank  
  23  15:32  Marauder x2, Marine x3  
Tags
 
Add a new tag
Caveats
  • Supply blocks, unpowered buildings, or Contaminate may cause inaccurate times.
  • Supply counts are checked every 10 seconds.